 Dungeon Crawl Stone Soup version 0.29.0-4-gdea44cf6ec (webtiles) character file.

Game seed: 16020204073038960431

56 qw the Sneak (level 3, 0/23 HPs)
             Began as a Gargoyle Delver on Sept 10, 2022.
             Slain by a gnoll
             ... wielding a +0 whip
              (2 damage)
             ... on level 2 of the Dungeon.
             The game lasted 00:00:42 (2304 turns).

qw the Sneak (Gargoyle Delver)                      Turns: 2304, Time: 00:00:43

Health: 0/23       AC:  8    Str: 17    XL:     3   Next: 97%
Magic:  3/3        EV: 10    Int: 10    God:
Gold:   123        SH:  0    Dex: 11    Spells: 2/2 levels left

rFire   . . .      SeeInvis .   Y - +0 hand axe
rCold   . . .      Faith    .   (no shield)
rNeg    + . .      Spirit   .   e - +0 ring mail
rPois   inf        Reflect  .   (no helmet)
rElec   +          Harm     .   (no cloak)
rCorr   .          Rampage  .   (no gloves)
Will    .....                   (no boots)
Stlth   ++........              (no amulet)
HPRegen 0.07/turn               (no ring)
MPRegen 0.08/turn               (no ring)

@: no status effects
A: sickness immunity, AC +3, negative energy resistance 1, electricity
resistance, torment resistance 1, petrification resistance
a: no special abilities


You were on level 2 of the Dungeon.
You visited 1 branch of the dungeon, and saw 5 of its levels.

You collected 123 gold pieces.


Innate Abilities, Weirdness & Mutations

You are immune to sickness and miasma.
Your stone body is resilient. (AC +3)
You are immune to poison.
You resist negative energy. (rN+)
You are resistant to electric shocks. (rElec)
You are resistant to unholy torment.
You are immune to petrification.


   Skills:
 - Level 3.2 Fighting
 + Level 3.7 Axes
 - Level 0.3 Armour
 - Level 1.5 Dodging
 - Level 5.4 Stealth


You had 2 spell levels left.
You didn't know any spells.
Your spell library was empty.

Inventory:

Hand Weapons
 a - a +0 whip
 Y - a +0 hand axe (weapon)
Missiles
 c - 6 boomerangs (quivered)
Armour
 e - a +0 ring mail (worn)
Wands
 g - a wand of digging (3)
Potions
 b - a potion of curing {unknown}
 d - a potion of ambrosia {unknown}
 f - a potion of haste
 i - a potion of might {unknown}

Dungeon Overview and Level Annotations

Branches:
Dungeon (5/15)
 Temple: D:4-7

Altars:

Shops:
D:4 *


Message History

You throw a boomerang. The boomerang barely misses the gnoll.
The boomerang hits the worm but does no damage.
The worm is lightly wounded.
Throw: 6 boomerangs
Press: ? - help, Q - select action Shift-Dir - straight line, f/p - worm You throw a boomerang.
The boomerang closely misses the gnoll.
The boomerang hits the worm.
The worm is heavily wounded.
A frilled lizard comes into view.
2293 ||| Stepping ~*~*~tactically~*~*~ (stealth).
You closely miss the gnoll. The gnoll closely misses you.
You hit the gnoll but do no damage. The gnoll hits you with a +0 whip.
You completely miss the gnoll. The gnoll hits you with a +0 whip.
The gnoll barely misses you.
You closely miss the gnoll. You punch the gnoll, but do no damage.
The gnoll barely misses you.
You hit the gnoll.
The gnoll is moderately wounded.
The gnoll barely misses you.
You hit the gnoll but do no damage.
The gnoll is moderately wounded.
The gnoll hits you but does no damage.
You hit the gnoll but do no damage.
The gnoll is moderately wounded.
The gnoll hits you with a +0 whip!
You closely miss the gnoll.
The gnoll is moderately wounded.
The gnoll hits you with a +0 whip.
You hit the gnoll but do no damage. You punch the gnoll.
The gnoll is heavily wounded.
The gnoll hits you with a +0 whip.
You hit the gnoll.
The gnoll is severely wounded.
The gnoll hits you with a +0 whip.
You closely miss the gnoll.
The gnoll is severely wounded.
The gnoll hits you with a +0 whip.
You die...

###..#### #.}8
##....#### #.8#######
##......... #..#<....#
#.......### ###8.#.....#
....#.#.# ##.#..#.....#
#'####..# #.).........#
.....#..####.#.#########
...}.##......#...##
.....##.###...##@.##
.}...'..####...##g.#
.....#........##.w..#
...}.##.####.##..##..#
.....#...#####w.. #..#
#+####....# #..## #..#
#.#..####.##..# #..#
...# ###..# #.. ... l.#
#.


You could see a worm and a gnoll.

Vanquished Creatures
  3 adders (D:2)
  3 ball pythons
  An endoplasm (D:2)
  2 giant cockroaches
  2 goblins
  6 hobgoblins
  A kobold (D:2)
  A quokka (D:3)
  5 bats
  A frilled lizard (D:1)
  2 rats
27 creatures vanquished.

Vanquished Creatures (others)
  A goblin (D:2)
1 creature vanquished.

Grand Total: 28 creatures vanquished

Notes
Turn   | Place    | Note
-------+----------+-------------------------------------------
     0 | D:5      | qw the Gargoyle Delver began the quest for the Orb.
     0 | D:5      | Reached XP level 1. HP: 14/14 MP: 1/1
     0 | D:5      | 0 ||| qw: Version: 0.1-a-116-g5d60599
     0 | D:5      | 0 ||| qw: Game counter: 8512
     0 | D:5      | 0 ||| qw: Always use a shield: true
     0 | D:5      | 0 ||| qw: God list: Okawaru
     0 | D:5      | 0 ||| qw: Allow faded altars: false
     0 | D:5      | 0 ||| qw: Do Orc after D:15 true
     0 | D:5      | 0 ||| qw: Do second Lair branch before Depths: true
     0 | D:5      | 0 ||| qw: Lair rune preference: random
     0 | D:5      | 0 ||| qw: Plans: Normal
     0 | D:5      | 0 ||| PLANNING D:1-11
    29 | D:5      | 29 ||| DROPPING scroll of fog.
    30 | D:5      | 30 ||| DROPPING scroll of magic mapping.
    31 | D:5      | 31 ||| DROPPING scroll of fear.
    41 | D:4      | Found Diopp's General Store.
   220 | D:3      | 220 ||| Stepping ~*~*~tactically~*~*~ (stealth).
   264 | D:2      | HP: 3/14 [adder (1)]
   266 | D:2      | HP: 1/14 [adder (2)]
   271 | D:2      | Reached XP level 2. HP: 2/19 MP: 2/2
   581 | D:2      | 581 ||| Stepping ~*~*~tactically~*~*~ (stealth).
   683 | D:2      | 683 ||| UPGRADING to +0 ring mail.
   685 | D:2      | 685 ||| Stepping ~*~*~tactically~*~*~ (stealth).
   686 | D:2      | 686 ||| UPGRADING to +0 ring mail.
   841 | D:2      | 841 ||| DROPPING +0 leather armour.
  1036 | D:1      | Reached skill level 3 in Axes
  1180 | D:1      | Reached XP level 3. HP: 23/23 MP: 3/3
  1220 | D:1      | Found a faded altar of an unknown god.
  1412 | D:1      | 1412 ||| Stepping ~*~*~tactically~*~*~ (stealth).
  1414 | D:1      | 1414 ||| Stepping ~*~*~tactically~*~*~ (stealth).
  1422 | D:1      | 1422 ||| Stepping ~*~*~tactically~*~*~ (stealth).
  1423 | D:1      | 1423 ||| Stepping ~*~*~tactically~*~*~ (stealth).
  1908 | D:1      | 1908 ||| READING scroll labelled APTESU YRPHYR VORA.
  1909 | D:1      | 1909 ||| DRINKING 3 fuming inky potions.
  1958 | D:1      | 1958 ||| DROPPING 2 potions of lignification.
  1997 | D:2      | 1997 ||| Stepping ~*~*~tactically~*~*~ (stealth).
  2001 | D:2      | 2001 ||| Stepping ~*~*~tactically~*~*~ (stealth).
  2009 | D:2      | 2009 ||| DROPPING +0 club.
  2013 | D:2      | 2013 ||| Stepping ~*~*~tactically~*~*~ (stealth).
  2016 | D:2      | 2016 ||| Stepping ~*~*~tactically~*~*~ (stealth).
  2293 | D:2      | 2293 ||| Stepping ~*~*~tactically~*~*~ (stealth).
  2302 | D:2      | HP: 4/23 [gnoll/+0 whip (5)]
  2304 | D:2      | Slain by a gnoll

Levels and vault maps discovered:
D:1:      sevenhm_arrival_forest_fort_large_3, layout_loops_ring,
          ebering_ecumenical_altar_sacrificial
D:2:      minmay_alternating_diamond, layout_rooms,
          chequers_serial_rivers_micro_e, chequers_decorated_corner,
          minmay_misc_feat_diagonals, minmay_fountain_box, lemuel_flame_loot_1,
          uniq_crazy_yiuf_cottage
D:3:      layout_basic, nemelex_dance_club_becter
D:4:      nicolae_BIG_FREAKIN_CUBE, layout_loops_cross,
          grunt_temple_overflow_cloverleaf, serial_shops,
          nicolae_take_the_stairs, nicolae_stop_n_shop_2, shop,
          kennysheep_cross_bottleneck
D:5:      layout_gridville, minmay_temple_entry_grid,
          gammafunk_ghost_necromancy, serial_shops, kennysheep_mini_moat

Skill      XL: |  1  2 |
---------------+-------+-----
Axes           | 2 3 |  3.7
Fighting       | |  3.2
Armour         | |  0.3
Dodging        | |  1.5
Stealth        | |  5.4

Action                   || total
-------------------------++-------
Melee: Hand axe          ||   119
       Punch             ||     2
Throw: Boomerang         ||     5
  Use: Scroll            ||     1
       Potion            ||     1
 Stab: Sleeping          ||     2
Armor: Leather armour    ||    11
       Ring mail         ||    38
Dodge: Dodged            ||    63

Table legend:
 A = Non-vault XP
 B = Vault XP
 C = Vault XP percentage of total XP
 D = Non-vault monster count
 E = Vault monster count
 F = Vault count percentage of total count
                 A         B        C        D         E       F
            +---------+---------+-------+---------+---------+-------
      Total |      81 |       0 |   0.0 |      27 |       0 |   0.0
            +---------+---------+-------+---------+---------+-------
        D:1 |      21 |       0 |   0.0 |      12 |       0 |   0.0
        D:2 |      58 |       0 |   0.0 |      14 |       0 |   0.0
        D:3 |       2 |       0 |   0.0 |       1 |       0 |   0.0
            +---------+---------+-------+---------+---------+-------
